 Dungeon Crawl Stone Soup version 0.31-b1-17-gcfd88c8481 (webtiles) character file.

Game seed: 9305928134063976675

446 PaiMei the Grave Robber (level 6, 0/47 HPs)
             Began as a Demonspawn Necromancer on Jan 15, 2024.
             Slain by Duvessa
             ... wielding a +0 short sword
              (14 damage)
             ... on level 4 of the Dungeon.
             The game lasted 00:05:34 (5363 turns).

PaiMei the Grave Robber (Demonspawn Necromancer)    Turns: 5363, Time: 00:05:34

Health: 0/47       AC:  4    Str:  9    XL:     6   Next: 73%
Magic:  0/11       EV: 13    Int: 17    God:
Gold:   170        SH:  0    Dex: 13    Spells: 4/12 levels left

rFire   . . .        g - +0 dagger
rCold   . . .        (no shield)
rNeg    . . .        a - +0 robe
rPois   .            (no helmet)
rElec   .            (no cloak)
rCorr   .            (no gloves)
SInv    .            (no boots)
Will    .....        (no amulet)
Stlth   ++           (no ring)
HPRegen 0.27/turn    (no ring)
MPRegen 0.24/turn

%: guardian spirit
@: no status effects
A: icy blue scales 1, demonic guardian 1, magic shield, magic regeneration,
demonic touch 1
a: no special abilities


You were on level 4 of the Dungeon.
You visited 1 branch of the dungeon, and saw 4 of its levels.

You collected 170 gold pieces.

Inventory:

Hand Weapons
 g - a +0 dagger (weapon)
Missiles
 i - 5 poisoned darts (quivered)
Armour
 a - a +0 robe (worn)
 f - a scarf of shadows
Jewellery
 r - a ring of resist corrosion
Talismans
 s - a beast talisman
Scrolls
 c - 6 scrolls of identify {unknown}
 d - 2 scrolls of teleportation {unknown}
 e - a scroll of vulnerability {unknown}
 h - 2 scrolls of blinking {unknown}
 j - a scroll of fear {unknown}
 l - 2 scrolls of poison {unknown}
 m - 2 scrolls of amnesia {unknown}
 o - a scroll of noise {unknown}
 q - 2 scrolls of enchant armour {unknown}
Potions
 b - 3 potions of magic
 k - a potion of might {unknown}
 n - a potion of heal wounds {unknown}
 p - a potion of brilliance {unknown}


   Skills:
 + Level 3.0 Fighting
 + Level 3.5 Dodging
 - Level 2.0 Stealth
 + Level 3.7 Spellcasting
 + Level 5.9 Necromancy


You had 4 spell levels left.
You knew the following spells:

 Your Spells              Type           Power      Damage    Failure   Level
a - Necrotise             Necr           92%        1d8       1%          1
b - Vampiric Draining     Necr           23%        2d7       4%          3
c - Animate Dead          Necr           23%        N/A       14%         4

Your spell library contained the following spells:

 Spells                   Type           Power      Damage    Failure   Level
 Olgreb's Toxic Radiance  Alch           3%         N/A       85%         4
 Curse of Agony           Necr           23%        N/A       38%         5
 Ozocubu's Refrigeration  Ice            1%         4d7       100%        7
 Discord                  Hex            1%         N/A       100%        8


Dungeon Overview and Level Annotations

Branches:
Dungeon (4/15)
 Temple: D:4-7

Altars:

Shops:
D:3 ([

Annotations:
D:4 Duvessa


Innate Abilities, Weirdness & Mutations

You are partially covered in icy blue scales. (AC +2)
A weak demonic guardian rushes to your aid.
When hurt, damage is shared between your health and your magic reserves.
You regenerate magic rapidly.
Your touch may inflict minor irresistible damage on your foes.


Message History

Aim: Duvessa, wielding a +0 short sword and wearing a +0 scale mail (moderately wounded, berserk)
You draw life force from Duvessa!
You feel life coursing into your body. Duvessa hits you but does no damage.
Casting: Vampiric Draining (dangerous; 4% risk of failure)
Confirm with . or Enter, or press ? or * to list all spells.
You don't have enough magic to cast this spell.
Casting: Vampiric Draining (dangerous; 4% risk of failure)
Confirm with . or Enter, or press ? or * to list all spells.
You don't have enough magic to cast this spell.
Casting: Vampiric Draining (dangerous; 4% risk of failure)
Confirm with . or Enter, or press ? or * to list all spells.
You don't have enough magic to cast this spell.
Casting: Vampiric Draining (dangerous; 4% risk of failure)
Confirm with . or Enter, or press ? or * to list all spells.
You don't have enough magic to cast this spell.
Casting: Vampiric Draining (dangerous; 4% risk of failure)
Confirm with . or Enter, or press ? or * to list all spells.
You don't have enough magic to cast this spell.
You closely miss Duvessa.
Duvessa is heavily wounded.
Duvessa hits you with a +0 short sword!
A phantom comes into view.
Duvessa barely misses you.
You hit Duvessa but do no damage.
Duvessa is heavily wounded.
Duvessa closely misses you.
You hit Duvessa but do no damage.
Duvessa is heavily wounded.
Duvessa hits you with a +0 short sword! Duvessa barely misses you.
You closely miss Duvessa.
Duvessa is heavily wounded.
Duvessa hits you with a +0 short sword!
* * * LOW HITPOINT WARNING * * *
Casting: Vampiric Draining (dangerous; 4% risk of failure)
Confirm with . or Enter, or press ? or * to list all spells.
You don't have enough magic to cast this spell.
You hit Duvessa but do no damage.
You touch Duvessa!
Duvessa is severely wounded.
Duvessa hits you with a +0 short sword!
You die...

#............... ..
#...~.~..........# ..
#..~~~~....#..#..# ..
#...~~.P........# .... ..
#P†~~~....W....##.........
#..~......................
##......##...)............
#####..e#................
#....@..>.............
#.....#...............
###.....#....##.........
#..........<.##.<.......
#............[#..#......
#...............####..>W
#................#......
##.......##.............
#.........##............


You could see Duvessa (berserk) and a phantom.

Vanquished Creatures
  A black bear (D:4)
  Dowan (D:4)
  A howler monkey (D:3)
  A bombardier beetle (D:4)
  Natasha (thrice) (D:2)
  2 hound zombies (D:4)
  6 gnolls
  An adder (D:2)
  An adder zombie (D:4)
  3 dart slugs
  A ribbon worm (D:3)
  An orc (D:3)
  3 ball pythons
  3 endoplasms (D:1)
  3 goblins
  4 hobgoblins
  3 jackals
  4 quokkas
  3 bats
  2 frilled lizards
  5 kobolds
  3 rats
55 creatures vanquished.

Vanquished Creatures (collateral kills)
  A gnoll (D:4)
  A jackal (D:1)
2 creatures vanquished.

Grand Total: 57 creatures vanquished

Notes
Turn   | Place    | Note
-------+----------+-------------------------------------------
     0 | D:1      | PaiMei the Demonspawn Necromancer began the quest for the
                  | Orb.
     0 | D:1      | Reached XP level 1. HP: 13/13 MP: 3/3
   514 | D:1      | Gained mutation: Your touch may inflict minor irresistible
                  | damage on your foes. [demonic ancestry]
   514 | D:1      | Reached XP level 2. HP: 16/19 MP: 0/5
  1503 | D:2      | Noticed Natasha
  1518 | D:2      | Killed Natasha
  1519 | D:2      | Reached skill level 1 in Fighting
  1519 | D:2      | Gained mutation: You are partially covered in icy blue
                  | scales. (AC +2) [demonic ancestry]
  1519 | D:2      | Reached XP level 3. HP: 7/26 MP: 0/6
  1523 | D:2      | Learned a level 3 spell: Vampiric Draining
  1807 | D:2      | Noticed Natasha
  1814 | D:2      | Killed Natasha
  1815 | D:2      | Gained mutation: You regenerate magic rapidly. [demonic
                  | ancestry]
  1815 | D:2      | Reached XP level 4. HP: 21/32 MP: 3/7
  1940 | D:2      | Noticed Natasha
  1947 | D:2      | Killed Natasha
  1948 | D:2      | Reached skill level 5 in Necromancy
  2741 | D:3      | Noticed a +0 giant spiked club
  2743 | D:3      | Found Uffuacs's Weapon Emporium.
  2745 | D:3      | Noticed a +0 rapier
  3020 | D:3      | Gained mutation: A weak demonic guardian rushes to your
                  | aid. [demonic ancestry]
  3020 | D:3      | Reached XP level 5. HP: 38/38 MP: 0/9
  3406 | D:3      | Found Zotimidus's Antique Armour Shop.
  3904 | D:3      | Learned a level 4 spell: Animate Dead
  4040 | D:4      | Noticed a phantom
  4325 | D:4      | Noticed a black bear
  4335 | D:4      | Killed a black bear
  4336 | D:4      | Gained mutation: When hurt, damage is shared between your
                  | health and your magic reserves. [demonic ancestry]
  4336 | D:4      | Reached XP level 6. HP: 37/46 MP: 1/11
  4588 | D:4      | Noticed Duvessa
  4591 | D:4      | Noticed Dowan
  4935 | D:4      | Killed Dowan
  5363 | D:4      | Slain by Duvessa

Illustrated notes

Levels and vault maps discovered:
D:1:      saegor_arrival_simple_e, layout_basic, nicolae_houndstooth_variations
D:2:      layout_loops_cross, chequers_garden, uniq_natasha
D:3:      layout_basic, serial_shops, nicolae_shop_overgrown_old_shop,
          nicolae_shop_mannequins
D:4:      layout_cave_pools, minmay_temple_entry_glass, enter_ossuary_1,
          serial_undead, serial_undead_b, serial_undead_e, serial_undead_a,
          serial_undead_d, serial_undead_f, sigmund_army, uniq_duvessa

Skill      XL: |  1  2  3  4  5  6 |
---------------+-------------------+-----
Dodging        | 2 3 |  3.5
Stealth        | 2 |  2.0
Fighting       | 1 2 3 |  3.0
Necromancy     | 5 |  5.9
Spellcasting   | 3 |  3.7

Action                     |  1- 3 |  4- 6 || total
---------------------------+-------+-------++-------
  Melee: Unarmed           |     3 |       ||     3
         Dagger            |    11 |    23 ||    34
         Touch             |       |     7 ||     7
   Cast: Necrotise         |    51 |    93 ||   144
         Vampiric Draining |       |    12 ||    12
 Armour: Robe              |    32 |    32 ||    64
  Dodge: Dodged            |    29 |    49 ||    78
